 Seeded DCSS version 0.30-a0-42-g806c11bf1d (webtiles) character file.

Game seed: 17246712331252751712 (custom seed)

6 wilfster70 the Trooper (level 1, 15/20 HPs)
             Began as a Hill Orc Fighter on Aug 30, 2022.
             Quit the game on level 1 of the Dungeon.
             The game lasted 00:01:20 (92 turns).

wilfster70 the Trooper (Hill Orc Fighter)             Turns: 92, Time: 00:01:20

Health: 15/20      AC:  9    Str: 18    XL:     1   Next: 90%
Magic:  1/1        EV:  9    Int: 16    God:
Gold:   0          SH:  4    Dex: 10    Spells: 0/0 levels left

rFire   . . .      SeeInvis .    a - +0 war axe
rCold   . . .      Faith    .    c - +0 buckler
rNeg    . . .      Spirit   .    b - +0 scale mail
rPois   +          Reflect  .    (no helmet)
rElec   .          Harm     .    e - +1 cloak of the Great Game {rPois Will- Regen+ Int+8}
rCorr   .          Rampage  .    (no gloves)
Will    .....                    (no boots)
Stlth   ..........               (no amulet)
HPRegen 0.06/turn                (no ring)
MPRegen 0.07/turn                (no ring)

@: no status effects
A: no striking features
a: no special abilities


You were on level 1 of the Dungeon.
You visited 1 branch of the dungeon, and saw 1 of its levels.

Inventory:

Hand Weapons
 a - a +0 war axe (weapon)
Armour
 b - a +0 scale mail (worn)
 c - a +0 buckler (worn)
 e - the +1 cloak of the Great Game (worn) {rPois Will- Regen+ Int+8}
   (You acquired it on level 1 of the Dungeon)

   Int:       It affects your intelligence (+8).
   rPois:     It protects you from poison.
   Regen:     It increases your rate of health regeneration.
   Will:      It decreases your willpower.
Scrolls
 f - a scroll of acquirement
Potions
 d - a potion of might


   Skills:
 + Level 3.7 Fighting
 * Level 3.0 Axes
 + Level 3.3 Armour
 + Level 3.3 Shields


You couldn't memorise any spells.
You didn't know any spells.
Your spell library was empty.

Dungeon Overview and Level Annotations

Branches:
Dungeon (1/15)

Altars:


Message History

The endoplasm jiggles.
You slash the endoplasm!
You kill the endoplasm!
Your Axes skill increases to level 3!
e - a scroll labelled OHUHEGH QICYXI This is a scroll of acquirement!
Something appears at your feet!
e - the +1 cloak of the Great Game {rPois Will- Regen+ Int+8} You start putting on your armour.
You continue putting on the +1 cloak of the Great Game {rPois Will- Regen+ Int+8}. x4
You finish putting on the +1 cloak of the Great Game {rPois Will- Regen+ Int+8}.
The cloak of the Great Game cannot attune itself to your injured body.
You feel clever.
Found a robe.
Found a stone staircase leading down.
There is a stone staircase leading down here.
A rat comes into view.
Found a scroll of acquirement.
Found 10 gold pieces.
The rat bites you. You block the rat's attack.
You barely miss the rat. The rat closely misses you.
The rat bites you but does no damage.
You hit the rat but do no damage. You block the rat's attack.
You barely miss the rat. The rat closely misses you. The rat barely misses you.
You closely miss the rat. The rat barely misses you.
You closely miss the rat. The rat bites you.
You closely miss the rat.
The rat bites you but does no damage. x2
You closely miss the rat. The rat bites you but does no damage.
You slash the rat!
You kill the rat!
f - a scroll of acquirement Unknown command.
Unknown command.
Okay, then.
There are no items here.
Okay, then.
Unknown command.
Unknown command.
Are you sure you want to abandon this character and quit the game? (Confirm with "yes".)

#########
#.......#
#.....$.#
#.......#
#.......#
#.....@.#
####.......#
#..........#
.##.......#
##.#........#
#..#.########
# ##.##.#
#.####.....#
.........###


There were no monsters in sight!

Vanquished Creatures
  A bat (D:1)
  2 endoplasms (D:1)
  A quokka (D:1)
  A rat (D:1)
5 creatures vanquished.

Notes
Turn   | Place    | Note
-------+----------+-------------------------------------------
     0 | D:1      | wilfster70 the Hill Orc Fighter began the quest for the
                  | Orb.
     0 | D:1      | Reached XP level 1. HP: 19/19 MP: 1/1
    38 | D:1      | Identified a scroll of acquirement
    38 | D:1      | Acquired the +1 cloak of the Great Game {rPois Will- Regen+
                  | Int+8}
    92 | D:1      | Quit the game

Illustrated notes

Levels and vault maps discovered:
D:1:      evilmike_arrival_plus, layout_rooms

Skill      XL: |  1 |
---------------+----+-----
Axes           | 3 |  3.0
Fighting       | |  3.7
Armour         | |  3.3
Shields        | |  3.3

Action                   || total
-------------------------++-------
Melee: War axe           ||    17
  Use: Scroll            ||     1
Armor: Scale mail        ||     7
Dodge: Dodged            ||     8
Block: Buckler           ||     3

Table legend: (Time is in decaauts)
 A = Elapsed time spent in this place.
 B = Non-inter-level travel time spent in this place.
 C = Inter-level travel time spent in this place.
 D = Time resting spent in this place.
 E = Time spent auto-exploring this place.
 F = Levels seen in this place.
 G = Mean time per level.
                   A        B        C        D        E       F      G
               +--------+--------+--------+--------+--------+-----+--------+
         Total |     98 |     98 |      0 |      0 |      0 |   1 |   98.0 |
       Dungeon |     98 |     98 |      0 |      0 |      0 |   1 |   98.0 |
               +--------+--------+--------+--------+--------+-----+--------+

Top non-repeatable levels by time:
     D:1: 98 daAuts
